 Seeded DCSS version 0.29.1-2-gbd0b4ee654 (webtiles) character file.

Game seed: 11783567295339809362 (custom seed)

20291 valliere the Tainter (level 12, 0/104 HPs)
             Began as a Grey Draconian Venom Mage on Nov 3, 2022.
             Was a Believer of Ashenzari.
             Slain by a cane toad (18 damage)
             ... on level 3 of the Lair of Beasts.
             The game lasted 01:00:24 (17297 turns).

valliere the Tainter (Grey Draconian Venom Mage)   Turns: 17297, Time: 01:00:25

Health: 0/104      AC: 20    Str: 10    XL:     12   Next: 44%
Magic:  10/20      EV: 14    Int: 19    God:    Ashenzari [**....]
Gold:   1211       SH:  0    Dex: 12    Spells: 14/25 levels left

rFire   . . .      SeeInvis +   K - staff of poison (curse) {Elem, Evo}
rCold   . . .      Faith    .   (no shield)
rNeg    . . .      Spirit   .   (body armour unavailable)
rPois   +          Reflect  .   M - +2 hat "Eternal Doubts" {Evo, Melee} (curse)
rElec   +          Harm     .   P - +0 cloak
rCorr   .          Rampage  .   y - +0 pair of gloves
Will    .....      Rnd*Tele +   m - +2 pair of boots {Fly}
Stlth   ++........              B - amulet of magic regeneration
HPRegen 0.27/turn               e - ring of Ashenzari's the Ego {Wiz, Alch, Bglg} (curse)
MPRegen 0.57/turn               R - +4 ring of slaying

@: flying, studying Fighting
A: AC +13, amphibious, unfitting armour, cold-blooded, low MP 1, electricity
resistance, teleportitis 1, weak 1
a: Renounce Religion, Curse Item, Shatter the Chains


You were on level 3 of the Lair of Beasts.
You worshipped Ashenzari.
Ashenzari was pleased with you.
You visited 2 branches of the dungeon, and saw 12 of its levels.
You also visited: Sewer, Ossuary, Bailey and Volcano.

You collected 2583 gold pieces.
You spent 1372 gold pieces at shops.

Inventory:

Hand Weapons
 k - a +0 spear
Armour
 m - a +2 pair of boots of flying (worn)
 y - a +0 pair of gloves (worn)
 M - the cursed +2 hat "Eternal Doubts" (worn) {Evo, Melee}
   (You found it on level 9 of the Dungeon)

   It has a curse which improves the following skills: Evocations: Evocations.
   Melee Combat: Short Blades, Long Blades, Axes, Maces & Flails, Polearms,
   Staves and Unarmed Combat.
 P - a +0 cloak (worn)
Magical Staves
 K - a cursed staff of poison (weapon) {Elem, Evo}
Jewellery
 e - the cursed ring of Ashenzari's the Ego (left hand) {Wiz, Alch, Bglg}
   (You found it on level 1 of the Dungeon)

   [ring of wizardry]

   It improves your spell success rate.
   It has a curse which improves the following skills: Alchemy: Poison Magic and
   Transmutations.
   Beguiling: Conjurations, Hexes and Translocations.
 j - a +4 ring of evasion
 n - a +6 ring of strength
 x - an amulet of the acrobat
 B - an amulet of magic regeneration (around neck)
 J - a ring of flight
 R - a +4 ring of slaying (right hand)
 T - a +6 ring of intelligence
Wands
 d - a wand of digging (7)
 D - a wand of charming (24)
 H - a wand of flame (33)
 L - a wand of roots (6)
 O - a wand of light (15)
Scrolls
 b - 2 scrolls of enchant armour
 c - a scroll of amnesia
 g - 4 scrolls of noise
 i - a scroll of poison
 l - 10 scrolls of identify
 o - 2 scrolls of blinking
 r - 4 scrolls of vulnerability
 s - 2 scrolls of magic mapping
 t - 3 scrolls of summoning
 u - 4 scrolls of fear
 w - 10 scrolls of teleportation
 z - 4 scrolls of immolation
 C - 4 scrolls of enchant weapon
 F - 2 scrolls of brand weapon
 N - a scroll of acquirement
Potions
 a - 3 potions of magic
 f - 3 potions of lignification
 h - 5 potions of curing
 p - a potion of degeneration
 q - 3 potions of haste
 v - a potion of heal wounds
 A - 2 potions of attraction
 E - 2 potions of might
 G - a potion of cancellation
 I - 3 potions of flight
 Q - 2 potions of brilliance
 S - a potion of invisibility


   Skills:
 + Level 9.0 Fighting
 * Level 1.2(2.1) Staves
 + Level 7.4 Dodging
 - Level 1.7 Stealth
 + Level 7.3 Spellcasting
 + Level 7.7(9.0) Transmutations
 * Level 8.6(9.9) Earth Magic
 + Level 11.3(12.5) Poison Magic
 + Level 5.7(7.6) Evocations


You had 14 spell levels left.
You knew the following spells:

 Your Spells              Type           Power      Damage    Failure   Level
a - Sting                 Tmut/Pois      100%       1d8       1%          1
b - Olgreb's Toxic Radia  Pois           69%        N/A       1%          4
c - Mephitic Cloud        Conj/Pois/Air  34%        N/A       1%          3
d - Stone Arrow           Conj/Erth      52%        3d10      1%          3

Your spell library contained the following spells:

 Spells                   Type           Power      Damage    Failure   Level
 Sandblast                Erth           88%        2d18      1%          1
 Passwall                 Tmut/Erth      35%        N/A       1%          2
 Poisonous Vapours        Pois/Air       92%        N/A       1%          2
 Wereblood                Tmut           41%        N/A       1%          2
 Blade Hands              Tmut           20%        N/A       2%          5
 Magic Dart               Conj           28%        1d4       4%          1
 Shock                    Conj/Air       28%        1d4       4%          1
 Call Imp                 Summ           6%         N/A       6%          2
 Sublimation of Blood     Necr           6%         N/A       6%          2
 Dazzling Flash           Conj/Hex       14%        N/A       12%         3
 Inner Flame              Hex/Fire       7%         N/A       12%         3
 Portal Projectile        Hex/Tloc       14%        N/A       12%         3
 Swiftness                Air            7%         N/A       12%         3
 Tukima's Dance           Hex            7%         N/A       12%         3
 Airstrike                Air            3%         2d(1-17)  34%         4
 Cause Fear               Hex            3%         N/A       34%         4
 Iskenderun's Mystic Bla  Conj/Tloc      7%         2d4       34%         4
 Starburst                Conj/Fire      3%         6d3       99%         6
 Summon Hydra             Summ           3%         N/A       100%        7
 Discord                  Hex            3%         N/A       100%        8


Dungeon Overview and Level Annotations

Branches:
Dungeon (9/15)             Temple (0/1) D:5            Lair (3/5) D:9
  Swamp (0/4) Lair:2        Sewer (visited)         Ossuary (visited)
 Bailey (visited)         Volcano (visited)
  Snake: Lair:2-3    Spider: Lair:2-3       Orc: D:9-12

Altars:
Ashenzari
Cheibriados
Gozag
Kikubaaqudgha
Qazlal
Sif Muna
Xom
Zin

Shops:
D:4 :   D:8 **

Annotations:
D:5 3 runed translucent doors, elongatedgoose's ghost, novice FoFi


Innate Abilities, Weirdness & Mutations

Your dull iron-grey scales are very hard. (AC +13)
You are amphibious.
You cannot fit into any form of body armour.
You are cold-blooded and may be slowed by cold attacks.
Your magical capacity is low. (-10% MP)
You are resistant to electric shocks. (rElec)
You are occasionally teleported next to monsters.
You are weak. (Str -2)


Message History

Unknown command.
You feel much better. The black mamba misses you.
The black mamba closely misses you. The cane toad closely misses you.
Casting: Stone Arrow (safe; 1% risk of failure)
Confirm with . or Enter, or press ? or * to list all spells.
Aiming: Sting (safe; 1% risk of failure)
Press: ? - help, Shift-Dir - straight line, f/p - black mamba
Aim: a black mamba (almost dead, very poisoned, 63% to hit)
You feel a surge of power!
The sting hits the black mamba.
The black mamba partially resists.
The black mamba looks even sicker.
You kill the black mamba!
The cane toad stings you!
* * * LOW HITPOINT WARNING * * *
Your Fighting skill increases to level 9!
Unknown command.
You are too injured to fight recklessly!
Casting: Sting (safe; 1% risk of failure)
Confirm with . or Enter, or press ? or * to list all spells.
Aiming: Sting (safe; 1% risk of failure)
Press: ? - help, Shift-Dir - straight line, f - cane toad
Aim: a cane toad (lightly wounded, 81% to hit)
You feel a surge of power!
The sting misses the cane toad.
The cane toad stings you.
* * * LOW HITPOINT WARNING * * *
Unknown command.
Casting: Sting (safe; 1% risk of failure)
Confirm with . or Enter, or press ? or * to list all spells.
Aiming: Sting (safe; 1% risk of failure)
Press: ? - help, Shift-Dir - straight line, f/p - cane toad
Aim: a cane toad (lightly wounded, 81% to hit)
You feel a surge of power!
The sting misses the cane toad.
The cane toad barely misses you.
Casting: Sting (safe; 1% risk of failure)
Confirm with . or Enter, or press ? or * to list all spells.
Aiming: Sting (safe; 1% risk of failure)
Press: ? - help, Shift-Dir - straight line, f/p - cane toad
Aim: a cane toad (lightly wounded, 81% to hit)
You feel a surge of power!
The sting misses the cane toad.
The cane toad closely misses you. The cane toad stings you!!
You die...

, , , ,, ,* ##.....#
............# ##.......
, , ............##
#........ .............#
#........ ,
......:......# ####.....
............# #.#.#. *
...........#* ###### ,
...........## ##
,.......@....### ##. *
......F.....#.## ##..
##.............######...
*
#...........†...†.....##
##..#...##...........##
* ,
....#####..#..####..##
..# #..######*....# , .#
...# #P..># , .## ##...#


You could see a cane toad.

Vanquished Creatures
  An orc warlord (Bailey)
  Erica (D:8)
  A two-headed ogre (D:8)
  Pikel (D:4)
  An orc knight (Bailey)
  3 black mambas
  Joseph (D:8)
  Maggie (D:8)
  4 cane toads
  A rime drake (Lair:2)
  8 komodo dragons
  A kobold demonologist (D:8)
  A hornet (D:8)
  A polar bear (Lair:1)
  2 wraiths (Ossuary)
  17 yaks (Lair:1)
  A vampire (D:8)
  Eustachio (D:4)
  4 wyverns
  3 basilisks
  4 steam dragons
  Edmund (D:4)
  A fire elemental (Volcano)
  2 vampire mosquitoes (Lair:2)
  9 water moccasins
  A black bear (D:5)
  8 orc warriors
  4 ice beasts
  3 sky beasts
  2 ogres
  5 wolves (Lair:1)
  3 centaurs
  2 lemures (D:4)
  A phantom (D:6)
  17 kobold brigands
  10 bullfrogs
  3 scorpions
  A necrophage (D:4)
  3 wights (Ossuary)
  2 howler monkeys (D:9)
  3 electric eels
  8 jellies
  3 orc priests
  Jessica (D:3)
  7 iguanas
  7 orc wizards
  Ijyb (D:3)
  10 gnolls
  14 adders
  4 river rats
  2 adder zombies (Ossuary)
  3 worms (D:2)
  3 dart slugs
  24 orcs
  4 bat skeletons (D:8)
  2 bat zombies (D:8)
  6 endoplasms
  3 giant cockroaches
  22 goblins
  12 hobgoblins
  6 jackals (Sewer)
  26 kobolds
  5 quokkas
  14 ball pythons
  2 ball python skeletons (Ossuary)
  3 bats
  7 frilled lizards
  2 hobgoblin skeletons (Ossuary)
  A hobgoblin zombie (Ossuary)
  A kobold zombie (Ossuary)
  An orc skeleton (Ossuary)
  6 rats
349 creatures vanquished.

Vanquished Creatures (others)
  A fire vortex (Volcano)
  6 fungi
  34 plants
41 creatures vanquished.

Grand Total: 390 creatures vanquished

Notes
Turn   | Place    | Note
-------+----------+-------------------------------------------
     0 | D:1      | valliere the Draconian Venom Mage began the quest for the
                  | Orb.
     0 | D:1      | Reached XP level 1. HP: 14/14 MP: 3/3
   551 | D:1      | Reached XP level 2. HP: 13/22 MP: 0/5
  1107 | D:2      | Reached skill level 1 in Fighting
  1107 | D:2      | Reached XP level 3. HP: 28/28 MP: 0/6
  1461 | D:2      | Reached XP level 4. HP: 35/35 MP: 2/7
  1512 | D:2      | Found an ancient bone altar of Kikubaaqudgha.
  2383 | D:2      | Reached skill level 4 in Poison Magic
  2605 | D:3      | Noticed Jessica
  2610 | D:3      | Killed Jessica
  2611 | D:3      | Found a shimmering altar of Xom.
  2666 | D:3      | Found a glowing drain.
  2675 | D:3      | Reached XP level 5. HP: 36/41 MP: 3/8
  2852 | Sewer    | Entered a sewer
  3346 | Sewer    | Reached XP level 6. HP: 26/50 MP: 1/10
  3962 | Sewer    | Reached skill level 5 in Poison Magic
  4229 | Sewer    | Gained mutation: You have sharp toenails. [potion of
                  | mutation]
  4229 | Sewer    | Gained mutation: You are strong-willed. (Will+) [potion of
                  | mutation]
  4247 | D:3      | Noticed Ijyb
  4262 | D:3      | Killed Ijyb
  4417 | D:3      | Found a snail-covered altar of Cheibriados.
  4554 | D:3      | Found a broken altar of Ashenzari.
  4563 | D:3      | Became a worshipper of Ashenzari the Shackled
  4889 | D:4      | Your scales start taking on a dull iron-grey colour.
  4889 | D:4      | Reached XP level 7. HP: 56/56 MP: 7/11
  5204 | D:4      | Found Teosusun's Book Boutique.
  5219 | D:4      | Learned a level 4 spell: Olgreb's Toxic Radiance
  5223 | D:4      | Learned a level 3 spell: Mephitic Cloud
  5322 | D:4      | Reached skill level 1 in Earth Magic
  5503 | D:4      | Noticed Eustachio
  5526 | D:4      | Killed Eustachio
  5613 | D:4      | Noticed Pikel
  5623 | D:4      | Killed Pikel
  5624 | D:4      | Reached skill level 6 in Poison Magic
  5624 | D:4      | Reached XP level 8. HP: 66/66 MP: 12/14
  5806 | D:4      | Found a shimmering blue altar of Sif Muna.
  5842 | D:4      | Noticed Edmund
  5855 | D:4      | Killed Edmund
  5986 | D:5      | Entered Level 5 of the Dungeon
  6007 | D:5      | Identified the +0 robe of Trumpets {rN++ Regen+ Str-5
                  | Dex+2}
  6053 | D:5      | Found a staircase to the Ecumenical Temple.
  6222 | D:5      | Found a runed translucent gate.
  6222 | D:5      | Found a runed translucent gate.
  6222 | D:5      | Found a runed translucent gate.
  6226 | D:5      | Noticed elongatedgoose's ghost (novice FoFi)
  6721 | D:6      | Reached * piety under Ashenzari
  6810 | D:6      | Reached skill level 7 in Poison Magic
  6862 | D:6      | Identified the +1 leather armour "Urallik" {Fly rF++ Str-3
                  | SInv}
  6940 | D:6      | Found a sand-covered staircase.
  6945 | Ossuary  | Entered an ossuary
  7042 | Ossuary  | Noticed a flying skull
  7050 | Ossuary  | Identified 3 scrolls of acquirement
  7053 | Ossuary  | Noticed a flying skull
  7055 | Ossuary  | Noticed a flying skull
  7060 | Ossuary  | Noticed a flying skull
  7076 | Ossuary  | Acquired 847 gold pieces
  7078 | Ossuary  | Acquired a staff of poison
  7080 | Ossuary  | Acquired 866 gold pieces
  7187 | Ossuary  | Reached XP level 9. HP: 57/74 MP: 17/17
  7694 | D:6      | Reached skill level 5 in Fighting
  8044 | D:7      | Reached skill level 1 in Evocations
  8049 | D:7      | Found a stormy altar of Qazlal.
  8056 | D:7      | Reached skill level 5 in Dodging
  8093 | D:7      | Reached skill level 5 in Spellcasting
  8093 | D:7      | Reached skill level 5 in Transmutations
  8327 | D:7      | Reached skill level 8 in Poison Magic
  8368 | D:7      | Found a flagged portal.
  8376 | Bailey   | Entered a bailey
  8500 | Bailey   | Reached skill level 5 in Earth Magic
  8652 | Bailey   | Noticed an orc knight
  8694 | Bailey   | Killed an orc knight
  8695 | Bailey   | Reached XP level 10. HP: 35/83 MP: 15/18
  9087 | Bailey   | Noticed an orc warlord
  9205 | Bailey   | Killed an orc warlord
  9272 | Bailey   | Identified the +2 war axe of the Grey Skies {flame, Drain
                  | rElec Int+3}
  9301 | Bailey   | Acquired a +1 pair of boots of flying
  9309 | Bailey   | Lost mutation: You are strong-willed. (Will+) [potion of
                  | mutation]
  9309 | Bailey   | Lost mutation: You have sharp toenails. [potion of
                  | mutation]
  9309 | Bailey   | Gained mutation: You have sharp fingernails. [potion of
                  | mutation]
  9309 | Bailey   | Gained mutation: Your system is resistant to poisons.
                  | (rPois) [potion of mutation]
  9310 | Bailey   | Lost mutation: Your system is resistant to poisons. (rPois)
                  | [potion of mutation]
  9310 | Bailey   | Lost mutation: You have sharp fingernails. [potion of
                  | mutation]
  9310 | Bailey   | Gained mutation: You are somewhat resistant to further
                  | mutation. [potion of mutation]
  9311 | Bailey   | Lost mutation: You are somewhat resistant to further
                  | mutation. [potion of mutation]
  9311 | Bailey   | Gained mutation: You are frail. (-10% HP) [potion of
                  | mutation]
  9311 | Bailey   | Gained mutation: You are very frail. (-20% HP) [potion of
                  | mutation]
  9312 | Bailey   | Lost mutation: You are very frail. (-20% HP) [potion of
                  | mutation]
  9312 | Bailey   | Lost mutation: You are frail. (-10% HP) [potion of
                  | mutation]
  9312 | Bailey   | Gained mutation: You are occasionally teleported next to
                  | monsters. [potion of mutation]
  9312 | Bailey   | Gained mutation: Your magical capacity is low. (-10% MP)
                  | [potion of mutation]
  9312 | Bailey   | Gained mutation: You are weak. (Str -2) [potion of
                  | mutation]
  9312 | Bailey   | Gained mutation: You are resistant to electric shocks.
                  | (rElec) [potion of mutation]
  9727 | D:7      | Reached skill level 9 in Poison Magic
 10304 | D:7      | Found a glowing silver altar of Zin.
 10335 | D:8      | Noticed Erica
 10343 | D:8      | Killed Erica
 10424 | D:8      | Noticed Maggie
 10456 | D:8      | Found an opulent altar of Gozag.
 10550 | D:8      | Killed Maggie
 10551 | D:8      | Reached XP level 11. HP: 71/91 MP: 12/18
 10658 | D:8      | Noticed a two-headed ogre
 10676 | D:8      | Killed a two-headed ogre
 10894 | D:8      | Found Rashryac's Specific Store.
 10896 | D:8      | Found Lothur's General Store.
 11264 | D:8      | Found an ancient bone altar of Kikubaaqudgha.
 11326 | D:8      | Noticed Joseph
 11345 | D:8      | Killed Joseph
 11546 | D:8      | Reached skill level 10 in Poison Magic
 12838 | D:9      | Identified Sif Muna's Folio of Gusts
 12838 | D:9      | Identified Sif Muna's Meditations on Embers
 12838 | D:9      | Identified Sif Muna's Almanac of Feathers
 13190 | D:9      | Found a staircase to the Lair.
 13470 | D:4      | Bought a manual of Fighting for 1120 gold pieces
 13470 | D:4      | Bought a book of Geomancy for 252 gold pieces
 13474 | D:4      | Learned a level 3 spell: Stone Arrow
 13625 | Lair:1   | Entered Level 1 of the Lair of Beasts
 13650 | Lair:1   | Found a dark tunnel.
 13658 | Volcano  | Entered a volcano
 13845 | Volcano  | Noticed a lindwurm
 13845 | Volcano  | Noticed a lindwurm
 14123 | Lair:1   | Reached skill level 5 in Evocations
 14536 | Lair:1   | Reached XP level 12. HP: 101/101 MP: 11/20
 14951 | Lair:2   | Reached skill level 11 in Poison Magic
 15159 | Lair:2   | HP: 4/103 [cane toad (5)]
 16232 | Lair:2   | Found a staircase to the Swamp.
 16443 | Lair:2   | Reached ** piety under Ashenzari
 17251 | Lair:3   | Reached skill level 1 in Staves
 17297 | Lair:3   | Slain by a cane toad

Illustrated notes

Levels and vault maps discovered:
D:1:      scummos_arrival_hexagon, layout_basic, minmay_misc_feat_pillars,
          nrook_campfire, grunt_decor_mini_mirrors
D:2:      layout_basic, basic_altar, hex_large, minmay_tromino_v7
D:3:      layout_rooms, xom_teletrap_fun, overflow_temple_1_default,
          mainiacjoe_overflow_tiny_flanked, serial_rivers,
          chequers_serial_rivers_room_b, chequers_serial_rivers_large_a,
          chequers_serial_rivers_micro_b, chequers_serial_rivers_micro_b,
          cheibrodos_sewer_entry_sluice, uniq_ijyb, uniq_jessica
D:4:      layout_basic, nicolae_sif_muna_little_library, serial_shops,
          nicolae_shop_advertising_works [nicolae_subvault_shop_adworks],
          uniq_pikel, uniq_edmund, uniq_eustachio
D:5:      layout_loops_cross, minmay_temple_entry_drinking_statues,
          gammafunk_ghost_split
D:6:      layout_rooms, enter_ossuary_2
D:7:      layout_basic, mainiacjoe_overflow_small_starburst,
          nicolae_overflow_hidden_temple, enter_bailey_3, minmay_lizard_king
D:8:      layout_rooms, kennysheep_vampire_church, grunt_gozag_statues,
          special_room [special_room_kobold], minmay_misc_feat_enclosed,
          nicolae_specific_store, wad_rectangle_vault, uniq_erica, uniq_joseph,
          uniq_maggie
D:9:      layout_roguey, erik_lair_dragon, uniq_psyche
Lair:1:   layout_big_grid, enter_volcano_2, serial_bayou_shore_a
Lair:2:   layout_small_grid, minmay_swamp_entry_swarm, lemuel_old_faithful,
          serial_bayou_shore_b
Lair:3:   layout_cave_pods, minmay_snake_entry_six_corridors,
          nicolae_quartered_pool_impasse

Skill      XL: |  1  2  3  4  5  6  7  8  9 10 11 12 |
---------------+-------------------------------------+-----
Dodging        | 2 3 4 5 6 7 |  7.4
Fighting       | 1 2 4 5 6 8 9 |  9.0
Poison Magic   | 4 5 6 7 8 9 10 11 | 11.3
Transmutations | 2 3 4 5 6 7 |  7.7
Spellcasting   | 3 4 5 6 7 |  7.3
Earth Magic    | 2 4 5 6 7 8 |  8.6
Evocations     | 2 3 5 |  5.7
Staves         | 1 |  1.2
Stealth        | |  1.7

Action                   |  1- 3 |  4- 6 |  7- 9 | 10-12 || total
-------------------------+-------+-------+-------+-------++-------
Melee: Unarmed           |     4 |       |       |       ||     4
       Spear             |    12 |    71 |    40 |       ||   123
       Tailslap          |       |     6 |    26 |    44 ||    76
       Kick              |       |     1 |    47 |     4 ||    52
       Falchion          |       |       |    80 |       ||    80
       Punch             |       |       |     2 |     1 ||     3
       Staff             |       |       |    62 |   256 ||   318
 Cast: Sting             |    48 |   148 |   135 |   308 ||   639
       Olgreb's Toxic Ra |       |       |    12 |    51 ||    63
       Mephitic Cloud    |       |       |     4 |    11 ||    15
       Stone Arrow       |       |       |       |    29 ||    29
Invok: Curse Item        |       |       |     3 |     1 ||     4
       Shatter the Chain |       |       |     1 |       ||     1
Evoke: Wand              |       |       |       |     2 ||     2
  Use: Potion            |       |     2 |     1 |    12 ||    15
       Scroll            |       |     1 |     4 |     6 ||    11
 Stab: Sleeping          |       |       |     4 |     1 ||     5
       Confused          |       |       |       |     1 ||     1
Armor: Skin              |     4 |    41 |    74 |   173 ||   292
Dodge: Dodged            |    23 |   149 |   175 |   493 ||   840
